Workbook

Sheet Summary
A1: Pest Control Invoice Summary
A2: Select an entered invoice number to calculate invoice amounts. Review all entries, rates, credits, and payments before use.
A3: Invoice to review | B3: INV-FIC-2026-001
A5: Calculated Invoice Details | D5: Calculated Amounts
A6: Customer | B6: =IF($B$3="","",IFERROR(IF(VLOOKUP($B$3,'Invoice Entries'!$A$4:$W$103,5,FALSE)="","",VLOOKUP($B$3,'Invoice Entries'!$A$4:$W$103,5,FALSE)),"")) | D6: Service line subtotal | E6: =IF(OR($B$3="",COUNTIF('Invoice Entries'!$A$4:$A$103,$B$3)=0),"",SUMIFS('Invoice Entries'!$R$4:$R$103,'Invoice Entries'!$A$4:$A$103,$B$3,'Invoice Entries'!$B$4:$B$103,"Service",'Invoice Entries'!$W$4:$W$103,"<>Void"))
A7: Service site | B7: =IF($B$3="","",IFERROR(IF(VLOOKUP($B$3,'Invoice Entries'!$A$4:$W$103,6,FALSE)="","",VLOOKUP($B$3,'Invoice Entries'!$A$4:$W$103,6,FALSE)),"")) | D7: Tax | E7: =IF(OR($B$3="",COUNTIF('Invoice Entries'!$A$4:$A$103,$B$3)=0),"",SUMIFS('Invoice Entries'!$S$4:$S$103,'Invoice Entries'!$A$4:$A$103,$B$3,'Invoice Entries'!$B$4:$B$103,"Service",'Invoice Entries'!$W$4:$W$103,"<>Void"))
A8: Invoice date | B8: =IF($B$3="","",IFERROR(IF(VLOOKUP($B$3,'Invoice Entries'!$A$4:$W$103,3,FALSE)="","",VLOOKUP($B$3,'Invoice Entries'!$A$4:$W$103,3,FALSE)),"")) | D8: Credits | E8: =IF(OR($B$3="",COUNTIF('Invoice Entries'!$A$4:$A$103,$B$3)=0),"",SUMIFS('Invoice Entries'!$T$4:$T$103,'Invoice Entries'!$A$4:$A$103,$B$3,'Invoice Entries'!$B$4:$B$103,"Credit",'Invoice Entries'!$W$4:$W$103,"<>Void"))
A9: Pest concern | B9: =IF($B$3="","",IFERROR(IF(VLOOKUP($B$3,'Invoice Entries'!$A$4:$W$103,7,FALSE)="","",VLOOKUP($B$3,'Invoice Entries'!$A$4:$W$103,7,FALSE)),"")) | D9: Invoice total | E9: =IF($E$6="","",$E$6+$E$7-$E$8)
A10: Route | B10: =IF($B$3="","",IFERROR(IF(VLOOKUP($B$3,'Invoice Entries'!$A$4:$W$103,11,FALSE)="","",VLOOKUP($B$3,'Invoice Entries'!$A$4:$W$103,11,FALSE)),"")) | D10: Payments | E10: =IF(OR($B$3="",COUNTIF('Invoice Entries'!$A$4:$A$103,$B$3)=0),"",SUMIFS('Invoice Entries'!$T$4:$T$103,'Invoice Entries'!$A$4:$A$103,$B$3,'Invoice Entries'!$B$4:$B$103,"Payment",'Invoice Entries'!$W$4:$W$103,"<>Void"))
A11: Responsibility | B11: =IF($B$3="","",IFERROR(IF(VLOOKUP($B$3,'Invoice Entries'!$A$4:$W$103,22,FALSE)="","",VLOOKUP($B$3,'Invoice Entries'!$A$4:$W$103,22,FALSE)),"")) | D11: Balance due | E11: =IF($E$9="","",$E$9-$E$10)
D12: Service lines | E12: =IF(OR($B$3="",COUNTIF('Invoice Entries'!$A$4:$A$103,$B$3)=0),"",COUNTIFS('Invoice Entries'!$A$4:$A$103,$B$3,'Invoice Entries'!$B$4:$B$103,"Service",'Invoice Entries'!$W$4:$W$103,"<>Void"))
A13: Review indicator | B13: =IF($B$3="","Enter an invoice number to review",IF(COUNTIF('Invoice Entries'!$A$4:$A$103,$B$3)=0,"Check invoice number",IF(COUNTIFS('Invoice Entries'!$A$4:$A$103,$B$3,'Invoice Entries'!$W$4:$W$103,"")>0,"Check missing status",IF(COUNTIFS('Invoice Entries'!$A$4:$A$103,$B$3,'Invoice Entries'!$W$4:$W$103,"<>Void",'Invoice Entries'!$E$4:$E$103,"")>0,"Check missing customer",IF(COUNTIFS('Invoice Entries'!$A$4:$A$103,$B$3,'Invoice Entries'!$W$4:$W$103,"<>Void",'Invoice Entries'!$B$4:$B$103,"Service",'Invoice Entries'!$R$4:$R$103,"")>0,"Check incomplete service line",IF(COUNTIFS('Invoice Entries'!$A$4:$A$103,$B$3,'Invoice Entries'!$W$4:$W$103,"<>Void",'Invoice Entries'!$B$4:$B$103,"Service",'Invoice Entries'!$P$4:$P$103,"Yes",'Invoice Entries'!$Q$4:$Q$103,"")>0,"Check missing tax rate",IF(COUNTIFS('Invoice Entries'!$A$4:$A$103,$B$3,'Invoice Entries'!$E$4:$E$103,"<>"&$B$6,'Invoice Entries'!$E$4:$E$103,"<>")>0,"Check customer consistency",IF($E$11<0,"Check credit balance",IF($E$11=0,"No balance due, review entries","Balance due, review entries")))))))))
A15: Scope note | B15: This template organizes entered invoice data only. It does not transmit invoices, process payments, verify taxes, or approve entries.

Sheet Invoice Entries
A1: Pest Control Invoice Entries | X1: =Assumptions!$A$4 | Y1: =Assumptions!$C$4 | Z1: =Assumptions!$E$4 | AA1: =Assumptions!$G$4 | AB1: =Assumptions!$I$4 | AC1: =Assumptions!$L$4
A2: Enter service, credit, and payment rows. Yellow cells are editable; calculated amounts exclude rows marked Void on Summary. | X2: =Assumptions!$A$5 | Y2: =Assumptions!$C$5 | Z2: =Assumptions!$E$5 | AA2: =Assumptions!$G$5 | AB2: =Assumptions!$I$5 | AC2: =Assumptions!$L$5
A3: Invoice # | B3: Entry Type | C3: Invoice Date | D3: Service / Transaction Date | E3: Customer | F3: Service Site | G3: Pest Concern | H3: Service | I3: Technician | J3: Product | K3: Route | L3: Quantity | M3: Unit | N3: Unit Price | O3: Entered Amount | P3: Taxable? | Q3: Tax Rate | R3: Line Subtotal | S3: Tax Amount | T3: Applied Amount | U3: Balance Effect | V3: Responsibility | W3: Status | X3: =Assumptions!$A$6 | Y3: =Assumptions!$C$6 | AA3: =Assumptions!$G$6 | AB3: =Assumptions!$I$6 | AC3: =Assumptions!$L$6
A4: INV-FIC-2026-001 | B4: Service | C4: 46262 | D4: 46262 | E4: Fictional Juniper Arcade LLC | F4: 101 Imaginary Way, Sampletown, CO 00000 | G4: Ant activity reported | H4: Interior inspection and service | I4: Casey Example (fictional) | J4: Fictional Demo Gel A | K4: Fictional Route F-01 | L4: 1 | M4: hours | N4: 150 | P4: No | Q4: 0 | R4: =IF($A4="","",IF($B4="Service",IF(OR($L4="",$N4=""),"",$L4*$N4),"")) | S4: =IF($R4="","",IF($P4="Yes",IF($Q4="","",$R4*$Q4),IF($P4="No",0,""))) | T4: =IF($A4="","",IF(OR($B4="Credit",$B4="Payment"),IF($O4="","",$O4),"")) | U4: =IF($A4="","",IF($W4="Void","",IF($B4="Service",IF($R4="","",$R4+$S4),IF(OR($B4="Credit",$B4="Payment"),IF($T4="","",-$T4),"")))) | V4: Customer | W4: Posted | AA4: =Assumptions!$G$7 | AC4: =Assumptions!$L$7
A5: INV-FIC-2026-001 | B5: Service | C5: 46262 | D5: 46262 | E5: Fictional Juniper Arcade LLC | F5: 101 Imaginary Way, Sampletown, CO 00000 | G5: Ant activity reported | H5: Exterior entry-point review | I5: Casey Example (fictional) | J5: Fictional Demo Dust B | K5: Fictional Route F-01 | L5: 2 | M5: ounces | N5: 15 | P5: Yes | Q5: 0.0725 | R5: =IF($A5="","",IF($B5="Service",IF(OR($L5="",$N5=""),"",$L5*$N5),"")) | S5: =IF($R5="","",IF($P5="Yes",IF($Q5="","",$R5*$Q5),IF($P5="No",0,""))) | T5: =IF($A5="","",IF(OR($B5="Credit",$B5="Payment"),IF($O5="","",$O5),"")) | U5: =IF($A5="","",IF($W5="Void","",IF($B5="Service",IF($R5="","",$R5+$S5),IF(OR($B5="Credit",$B5="Payment"),IF($T5="","",-$T5),"")))) | V5: Customer | W5: Posted | AA5: =Assumptions!$G$8 | AC5: =Assumptions!$L$8
A6: INV-FIC-2026-001 | B6: Payment | C6: 46262 | D6: 46270 | E6: Fictional Juniper Arcade LLC | O6: 100 | R6: =IF($A6="","",IF($B6="Service",IF(OR($L6="",$N6=""),"",$L6*$N6),"")) | S6: =IF($R6="","",IF($P6="Yes",IF($Q6="","",$R6*$Q6),IF($P6="No",0,""))) | T6: =IF($A6="","",IF(OR($B6="Credit",$B6="Payment"),IF($O6="","",$O6),"")) | U6: =IF($A6="","",IF($W6="Void","",IF($B6="Service",IF($R6="","",$R6+$S6),IF(OR($B6="Credit",$B6="Payment"),IF($T6="","",-$T6),"")))) | V6: Customer | W6: Posted | AC6: =Assumptions!$L$9
A7: INV-FIC-2026-002 | B7: Service | C7: 46266 | D7: 46266 | E7: Fictional Blue Lantern Books LLC | F7: 202 Make-Believe Avenue, Placeholder City, TX 00000 | G7: Rodent signs reported | H7: Monitoring device inspection | I7: Morgan Sample (fictional) | J7: Fictional Monitor Box C | K7: Fictional Route F-02 | L7: 1.5 | M7: hours | N7: 160 | P7: No | Q7: 0 | R7: =IF($A7="","",IF($B7="Service",IF(OR($L7="",$N7=""),"",$L7*$N7),"")) | S7: =IF($R7="","",IF($P7="Yes",IF($Q7="","",$R7*$Q7),IF($P7="No",0,""))) | T7: =IF($A7="","",IF(OR($B7="Credit",$B7="Payment"),IF($O7="","",$O7),"")) | U7: =IF($A7="","",IF($W7="Void","",IF($B7="Service",IF($R7="","",$R7+$S7),IF(OR($B7="Credit",$B7="Payment"),IF($T7="","",-$T7),"")))) | V7: Property manager | W7: Posted
A8: INV-FIC-2026-002 | B8: Credit | C8: 46266 | D8: 46267 | E8: Fictional Blue Lantern Books LLC | O8: 25 | R8: =IF($A8="","",IF($B8="Service",IF(OR($L8="",$N8=""),"",$L8*$N8),"")) | S8: =IF($R8="","",IF($P8="Yes",IF($Q8="","",$R8*$Q8),IF($P8="No",0,""))) | T8: =IF($A8="","",IF(OR($B8="Credit",$B8="Payment"),IF($O8="","",$O8),"")) | U8: =IF($A8="","",IF($W8="Void","",IF($B8="Service",IF($R8="","",$R8+$S8),IF(OR($B8="Credit",$B8="Payment"),IF($T8="","",-$T8),"")))) | V8: Property manager | W8: Posted
A9: INV-FIC-2026-002 | B9: Payment | C9: 46266 | D9: 46273 | E9: Fictional Blue Lantern Books LLC | O9: 100 | R9: =IF($A9="","",IF($B9="Service",IF(OR($L9="",$N9=""),"",$L9*$N9),"")) | S9: =IF($R9="","",IF($P9="Yes",IF($Q9="","",$R9*$Q9),IF($P9="No",0,""))) | T9: =IF($A9="","",IF(OR($B9="Credit",$B9="Payment"),IF($O9="","",$O9),"")) | U9: =IF($A9="","",IF($W9="Void","",IF($B9="Service",IF($R9="","",$R9+$S9),IF(OR($B9="Credit",$B9="Payment"),IF($T9="","",-$T9),"")))) | V9: Property manager | W9: Posted
A10: INV-FIC-2026-003 | B10: Service | C10: 46268 | D10: 46268 | E10: Fictional Copper Kite Studio LLC | F10: 303 Pretend Plaza, Example Springs, FL 00000 | G10: Wasp activity reported | H10: Exterior nest-area inspection | I10: Riley Placeholder (fictional) | K10: Fictional Route F-03 | L10: 1 | M10: each | N10: 95 | P10: Yes | Q10: 0.05 | R10: =IF($A10="","",IF($B10="Service",IF(OR($L10="",$N10=""),"",$L10*$N10),"")) | S10: =IF($R10="","",IF($P10="Yes",IF($Q10="","",$R10*$Q10),IF($P10="No",0,""))) | T10: =IF($A10="","",IF(OR($B10="Credit",$B10="Payment"),IF($O10="","",$O10),"")) | U10: =IF($A10="","",IF($W10="Void","",IF($B10="Service",IF($R10="","",$R10+$S10),IF(OR($B10="Credit",$B10="Payment"),IF($T10="","",-$T10),"")))) | V10: Customer | W10: Posted
A11: INV-FIC-2026-003 | B11: Payment | C11: 46268 | D11: 46270 | E11: Fictional Copper Kite Studio LLC | O11: 99.75 | R11: =IF($A11="","",IF($B11="Service",IF(OR($L11="",$N11=""),"",$L11*$N11),"")) | S11: =IF($R11="","",IF($P11="Yes",IF($Q11="","",$R11*$Q11),IF($P11="No",0,""))) | T11: =IF($A11="","",IF(OR($B11="Credit",$B11="Payment"),IF($O11="","",$O11),"")) | U11: =IF($A11="","",IF($W11="Void","",IF($B11="Service",IF($R11="","",$R11+$S11),IF(OR($B11="Credit",$B11="Payment"),IF($T11="","",-$T11),"")))) | V11: Customer | W11: Posted
A12: INV-FIC-2026-004 | B12: Service | C12: 46271 | D12: 46271 | E12: Fictional Silver Acorn Market LLC | F12: 404 Fictional Street, Demo Harbor, WA 00000 | G12: Stored-product insect report | H12: Inspection and monitoring setup | I12: Taylor Demo (fictional) | J12: Fictional Monitor Card D | K12: Fictional Route F-04 | L12: 2 | M12: hours | N12: 162.5 | P12: No | Q12: 0 | R12: =IF($A12="","",IF($B12="Service",IF(OR($L12="",$N12=""),"",$L12*$N12),"")) | S12: =IF($R12="","",IF($P12="Yes",IF($Q12="","",$R12*$Q12),IF($P12="No",0,""))) | T12: =IF($A12="","",IF(OR($B12="Credit",$B12="Payment"),IF($O12="","",$O12),"")) | U12: =IF($A12="","",IF($W12="Void","",IF($B12="Service",IF($R12="","",$R12+$S12),IF(OR($B12="Credit",$B12="Payment"),IF($T12="","",-$T12),"")))) | V12: Company review | W12: Draft
A13: INV-FIC-2026-004 | B13: Credit | C13: 46271 | D13: 46272 | E13: Fictional Silver Acorn Market LLC | O13: 50 | R13: =IF($A13="","",IF($B13="Service",IF(OR($L13="",$N13=""),"",$L13*$N13),"")) | S13: =IF($R13="","",IF($P13="Yes",IF($Q13="","",$R13*$Q13),IF($P13="No",0,""))) | T13: =IF($A13="","",IF(OR($B13="Credit",$B13="Payment"),IF($O13="","",$O13),"")) | U13: =IF($A13="","",IF($W13="Void","",IF($B13="Service",IF($R13="","",$R13+$S13),IF(OR($B13="Credit",$B13="Payment"),IF($T13="","",-$T13),"")))) | V13: Company review | W13: Void
R14: =IF($A14="","",IF($B14="Service",IF(OR($L14="",$N14=""),"",$L14*$N14),"")) | S14: =IF($R14="","",IF($P14="Yes",IF($Q14="","",$R14*$Q14),IF($P14="No",0,""))) | T14: =IF($A14="","",IF(OR($B14="Credit",$B14="Payment"),IF($O14="","",$O14),"")) | U14: =IF($A14="","",IF($W14="Void","",IF($B14="Service",IF($R14="","",$R14+$S14),IF(OR($B14="Credit",$B14="Payment"),IF($T14="","",-$T14),""))))
R15: =IF($A15="","",IF($B15="Service",IF(OR($L15="",$N15=""),"",$L15*$N15),"")) | S15: =IF($R15="","",IF($P15="Yes",IF($Q15="","",$R15*$Q15),IF($P15="No",0,""))) | T15: =IF($A15="","",IF(OR($B15="Credit",$B15="Payment"),IF($O15="","",$O15),"")) | U15: =IF($A15="","",IF($W15="Void","",IF($B15="Service",IF($R15="","",$R15+$S15),IF(OR($B15="Credit",$B15="Payment"),IF($T15="","",-$T15),""))))
R16: =IF($A16="","",IF($B16="Service",IF(OR($L16="",$N16=""),"",$L16*$N16),"")) | S16: =IF($R16="","",IF($P16="Yes",IF($Q16="","",$R16*$Q16),IF($P16="No",0,""))) | T16: =IF($A16="","",IF(OR($B16="Credit",$B16="Payment"),IF($O16="","",$O16),"")) | U16: =IF($A16="","",IF($W16="Void","",IF($B16="Service",IF($R16="","",$R16+$S16),IF(OR($B16="Credit",$B16="Payment"),IF($T16="","",-$T16),""))))
R17: =IF($A17="","",IF($B17="Service",IF(OR($L17="",$N17=""),"",$L17*$N17),"")) | S17: =IF($R17="","",IF($P17="Yes",IF($Q17="","",$R17*$Q17),IF($P17="No",0,""))) | T17: =IF($A17="","",IF(OR($B17="Credit",$B17="Payment"),IF($O17="","",$O17),"")) | U17: =IF($A17="","",IF($W17="Void","",IF($B17="Service",IF($R17="","",$R17+$S17),IF(OR($B17="Credit",$B17="Payment"),IF($T17="","",-$T17),""))))
R18: =IF($A18="","",IF($B18="Service",IF(OR($L18="",$N18=""),"",$L18*$N18),"")) | S18: =IF($R18="","",IF($P18="Yes",IF($Q18="","",$R18*$Q18),IF($P18="No",0,""))) | T18: =IF($A18="","",IF(OR($B18="Credit",$B18="Payment"),IF($O18="","",$O18),"")) | U18: =IF($A18="","",IF($W18="Void","",IF($B18="Service",IF($R18="","",$R18+$S18),IF(OR($B18="Credit",$B18="Payment"),IF($T18="","",-$T18),""))))
R19: =IF($A19="","",IF($B19="Service",IF(OR($L19="",$N19=""),"",$L19*$N19),"")) | S19: =IF($R19="","",IF($P19="Yes",IF($Q19="","",$R19*$Q19),IF($P19="No",0,""))) | T19: =IF($A19="","",IF(OR($B19="Credit",$B19="Payment"),IF($O19="","",$O19),"")) | U19: =IF($A19="","",IF($W19="Void","",IF($B19="Service",IF($R19="","",$R19+$S19),IF(OR($B19="Credit",$B19="Payment"),IF($T19="","",-$T19),""))))
R20: =IF($A20="","",IF($B20="Service",IF(OR($L20="",$N20=""),"",$L20*$N20),"")) | S20: =IF($R20="","",IF($P20="Yes",IF($Q20="","",$R20*$Q20),IF($P20="No",0,""))) | T20: =IF($A20="","",IF(OR($B20="Credit",$B20="Payment"),IF($O20="","",$O20),"")) | U20: =IF($A20="","",IF($W20="Void","",IF($B20="Service",IF($R20="","",$R20+$S20),IF(OR($B20="Credit",$B20="Payment"),IF($T20="","",-$T20),""))))
R21: =IF($A21="","",IF($B21="Service",IF(OR($L21="",$N21=""),"",$L21*$N21),"")) | S21: =IF($R21="","",IF($P21="Yes",IF($Q21="","",$R21*$Q21),IF($P21="No",0,""))) | T21: =IF($A21="","",IF(OR($B21="Credit",$B21="Payment"),IF($O21="","",$O21),"")) | U21: =IF($A21="","",IF($W21="Void","",IF($B21="Service",IF($R21="","",$R21+$S21),IF(OR($B21="Credit",$B21="Payment"),IF($T21="","",-$T21),""))))
R22: =IF($A22="","",IF($B22="Service",IF(OR($L22="",$N22=""),"",$L22*$N22),"")) | S22: =IF($R22="","",IF($P22="Yes",IF($Q22="","",$R22*$Q22),IF($P22="No",0,""))) | T22: =IF($A22="","",IF(OR($B22="Credit",$B22="Payment"),IF($O22="","",$O22),"")) | U22: =IF($A22="","",IF($W22="Void","",IF($B22="Service",IF($R22="","",$R22+$S22),IF(OR($B22="Credit",$B22="Payment"),IF($T22="","",-$T22),""))))
R23: =IF($A23="","",IF($B23="Service",IF(OR($L23="",$N23=""),"",$L23*$N23),"")) | S23: =IF($R23="","",IF($P23="Yes",IF($Q23="","",$R23*$Q23),IF($P23="No",0,""))) | T23: =IF($A23="","",IF(OR($B23="Credit",$B23="Payment"),IF($O23="","",$O23),"")) | U23: =IF($A23="","",IF($W23="Void","",IF($B23="Service",IF($R23="","",$R23+$S23),IF(OR($B23="Credit",$B23="Payment"),IF($T23="","",-$T23),""))))
R24: =IF($A24="","",IF($B24="Service",IF(OR($L24="",$N24=""),"",$L24*$N24),"")) | S24: =IF($R24="","",IF($P24="Yes",IF($Q24="","",$R24*$Q24),IF($P24="No",0,""))) | T24: =IF($A24="","",IF(OR($B24="Credit",$B24="Payment"),IF($O24="","",$O24),"")) | U24: =IF($A24="","",IF($W24="Void","",IF($B24="Service",IF($R24="","",$R24+$S24),IF(OR($B24="Credit",$B24="Payment"),IF($T24="","",-$T24),""))))
R25: =IF($A25="","",IF($B25="Service",IF(OR($L25="",$N25=""),"",$L25*$N25),"")) | S25: =IF($R25="","",IF($P25="Yes",IF($Q25="","",$R25*$Q25),IF($P25="No",0,""))) | T25: =IF($A25="","",IF(OR($B25="Credit",$B25="Payment"),IF($O25="","",$O25),"")) | U25: =IF($A25="","",IF($W25="Void","",IF($B25="Service",IF($R25="","",$R25+$S25),IF(OR($B25="Credit",$B25="Payment"),IF($T25="","",-$T25),""))))
... R103: =IF($A103="","",IF($B103="Service",IF(OR($L103="",$N103=""),"",$L103*$N103),"")) | S103: =IF($R103="","",IF($P103="Yes",IF($Q103="","",$R103*$Q103),IF($P103="No",0,""))) | T103: =IF($A103="","",IF(OR($B103="Credit",$B103="Payment"),IF($O103="","",$O103),"")) | U103: =IF($A103="","",IF($W103="Void","",IF($B103="Service",IF($R103="","",$R103+$S103),IF(OR($B103="Credit",$B103="Payment"),IF($T103="","",-$T103),""))))

Sheet Assumptions
A1: Invoice Assumptions and Editable Lists
A2: Edit these workflow choices and validation limits as needed. Tax rates and invoice decisions require human review.
A3: Entry Type | C3: Entry Status | E3: Taxable Choice | G3: Unit | I3: Responsibility | K3: Validation Limit | L3: Editable Value | M3: Purpose
A4: Service | C4: Draft | E4: Yes | G4: each | I4: Customer | K4: Maximum quantity | L4: 10000 | M4: Template entry limit; revise for your operating workflow.
A5: Credit | C5: Posted | E5: No | G5: hours | I5: Property manager | K5: Maximum unit price | L5: 100000 | M5: Template entry limit in US dollars; review before use.
A6: Payment | C6: Void | G6: ounces | I6: Company review | K6: Maximum entered amount | L6: 1000000 | M6: Template limit for a credit or payment entry.
G7: gallons | K7: Earliest allowed date | L7: 43831 | M7: Editable validation boundary for invoice and activity dates.
G8: pounds | K8: Latest allowed date | L8: 46640 | M8: Editable validation boundary; currently one year from today.
K9: Maximum tax rate | L9: 0.25 | M9: Validation ceiling only; enter a locally reviewed rate on each taxable line.
